cohdb
Replays
Latest Replays
All Replays
Popular Replays
Top Player Replays
Match Explorer
How It Works
Community
CoH3 Stats
Reddit
Sign in to upload your games and track your stats! →
Sign in with Steam
Match 42600527
Unlisted
Match 42600527
Overview
Messages
Build Orders
End
Kradschützen Motorcycle Team
Selects Battlefield Espionage Battlegroup
Panzergrenadier Squad
250 Light Carrier
Construct Light Support Kompanie
Selects 250/3 Funkpanzerwagen
Panzergrenadier Squad
250/3 Funkpanzerwagen
Fire Support Elements
Assault Mechanized Group
Pak 38 Anti-tank Gun Team
Veteran Squad Leaders
2.5-tonne Medical Truck
Selects Advanced Ambush Training
Construct Panzerarmee Kommand
Vehicle Survival Package
Panzer III L Medium Tank
Selects Intel Disruption Beacon
Selects Plunder
Selects Disruption Operation
2.5-tonne Medical Truck
Tungsten Core Ammunition
Armored Reserves
Rapid Advance
Panzer III L Medium Tank
Flak 36 Anti-tank Gun Team
Selects Operation Skorpion
Operation Skorpion
Panzer III L Medium Tank
Panzer IV Assault Group
Pak 38 Anti-tank Gun Team
Pak 38 Anti-tank Gun Team
StuG Assault Group
ZFranchise2121
eagles_79
Nukepapa
Mephswall
0
0
Comments
sign in to comment!
No comments posted yet!